 Dungeon Crawl Stone Soup version 0.22-a0-619-ga0c6fd2 (webtiles) character file.

287 wazuzu the Chopper (level 6, 0/50 HPs)
             Began as a Barachi Warper on July 14, 2018.
             Succumbed to a worker ant's poison
             ... on level 2 of the Dungeon.
             The game lasted 00:08:52 (3728 turns).

wazuzu the Chopper (Barachi Warper)                 Turns: 3728, Time: 00:08:53

Health: 0/50       AC:  8    Str: 15    XL:     6   Next: 30%
Magic:  9/9        EV:  7    Int: 13    God:
Gold:   107        SH:  0    Dex: 11    Spells: 9/9 levels left

rFire    . . .     SeeInvis .   a - +1 hand axe
rCold    . . .     Gourm    .   (no shield)
rNeg     + . .     Faith    .   k - +0 chain mail
rPois    .         Spirit   .   (no helmet)
rElec    .         Reflect  .   (no cloak)
rCorr    .         Harm     .   (no gloves)
MR       .....                  (no boots)
Stlth    ..........             (no amulet)
HPRegen  0.16/turn              c - ring of positive energy
MPRegen  0.11/turn              (no ring)

@: lethally poisoned (0 -> -4), very slightly contaminated, slow
A: +LOS, swims, slowness 1, strong legs 1
a: Hop


You were on level 2 of the Dungeon.
You were hungry.

You visited 1 branch of the dungeon, and saw 3 of its levels.

You collected 107 gold pieces.

Inventory:

Hand Weapons
 a - a +1 hand axe (weapon)
Missiles
 i - 91 stones (quivered)
 l - 2 javelins
 n - 5 tomahawks
Armour
 k - a +0 chain mail (worn)
Jewellery
 c - a ring of positive energy (left hand)
Scrolls
 d - a scroll of blinking
Comestibles
 f - 4 rations


   Skills:
 + Level 4.8 Fighting
 * Level 5.9 Axes
 - Level 1.0 Throwing
 - Level 1.2 Armour
 - Level 2.1 Dodging
 - Level 2.1 Spellcasting
   Level 3.2 Translocations


You had 9 spell levels left.
You didn't know any spells.
Your spell library contained the following spells:

 Spells                   Type           Power        Failure   Level  Hunger
 Teleport Other           Tloc           #.......     99%         3    ####...
 Blink                    Tloc           N/A          92%         2    ###....
 Passage of Golubria      Tloc           N/A          100%        4    #####..
 Shroud of Golubria       Chrm/Tloc      #.........   99%         2    ###....
 Gell's Gravitas          Tloc           #.........   99%         3    ####...
 Lesser Beckoning         Tloc           #.........   99%         3    ####...


Dungeon Overview and Level Annotations

Branches:
Dungeon (3/15)

Altars:
Nemelex Xobeh
Uskayaw
Xom


Innate Abilities, Weirdness & Mutations

Shadows flee at your approach. (+LOS)
You can swim through water.
You cover ground slowly.
You can hop short distances.


Message History

Okay, then.
* * * LOW HITPOINT WARNING * * *
You feel sick.
* * * LOW HITPOINT WARNING * * *
You feel sick.
* * * LOW HITPOINT WARNING * * *
You feel sick.
* * * LOW HITPOINT WARNING * * *
You feel sick.
* * * LOW HITPOINT WARNING * * *
You feel sick.
* * * LOW HITPOINT WARNING * * *
You feel sick.
* * * LOW HITPOINT WARNING * * *
You feel sick.
* * * LOW HITPOINT WARNING * * *
You feel sick.
* * * LOW HITPOINT WARNING * * *
You feel sick.
You die...

..##.#..#...................##
..##.#..#...........##..##..#
..##.#..#...........##..##..#
..##.#..#.#.........##..##..#####
..##.#..#.#.........##...........
..##.#..#.#.........##.###..#####
....................##.###..#####
.................................
................@......###..#####
...#......#.....######........# #
............................#.# #
..................########..#.# #
...#...####...........# #..#.###
...#...####...........# #......#
.............##.......# #..#.#.#
...#..................####..#.#.#
..............................#..


There were no monsters in sight!

Vanquished Creatures
  Sigmund (D:2)
  Terence (D:2)
  4 adders
  2 worms (D:2)
  A dart slug (D:1)
  5 leopard geckos
  3 bats (D:3)
  9 giant cockroaches
  2 goblins
  6 hobgoblins
  3 jackals (D:3)
  5 kobolds
  A quokka (D:2)
  A frilled lizard (D:1)
  4 rats
48 creatures vanquished.

Notes
Turn   | Place    | Note
-------+----------+-------------------------------------------
     0 | D:1      | wazuzu the Barachi Warper began the quest for the Orb.
     0 | D:1      | Reached XP level 1. HP: 17/17 MP: 3/3
   573 | D:1      | Reached XP level 2. HP: 19/23 MP: 5/5
   684 | D:1      | Reached skill level 3 in Axes
  1054 | D:2      | Noticed Sigmund
  1301 | D:2      | Found a hide-covered altar of Uskayaw.
  1301 | D:2      | Noticed a hand axe
  1301 | D:2      | Noticed a dagger
  1326 | D:2      | Reached XP level 3. HP: 28/29 MP: 6/6
  2058 | D:2      | Reached skill level 4 in Axes
  2058 | D:2      | Reached XP level 4. HP: 23/35 MP: 7/7
  2401 | D:2      | Noticed Terence
  2716 | D:2      | Killed Terence
  3199 | D:2      | Killed Sigmund
  3199 | D:2      | Reached skill level 5 in Axes
  3199 | D:2      | Reached XP level 5. HP: 5/43 MP: 8/8
  3199 | D:2      | Reached XP level 6. HP: 5/49 MP: 9/9
  3697 | D:3      | Found a shimmering altar of Xom.
  3698 | D:3      | Found a sparkling altar of Nemelex Xobeh.
  3724 | D:2      | HP: 2/50 [poisoned by a worker ant]
  3728 | D:2      | Succumbed to a worker ant's poison

Vault maps used:
D:1:      minmay_arrival_three_doors
D:2:      minmay_roachtagon, dancing_weapons_uskayaw, first_ration,
          bh_walls_and_bars, uniq_sigmund, uniq_terence
D:3:      grunt_temple_overflow_open

Skill      XL: |  1  2  3  4 |
---------------+-------------+-----
Axes           | 3 4 5 |  5.9
Fighting       | 3 4 |  4.8
Throwing       | |  1.0
Armour         | |  1.2
Dodging        | |  2.1
Spellcasting   | |  2.1
Translocations | |  3.2

Action                   |  1- 3 |  4- 6 || total
-------------------------+-------+-------++-------
Melee: Hand axe          |   132 |   109 ||   241
Throw: Tomahawk          |     5 |       ||     5
 Abil: Hop               |       |     1 ||     1
  Use: Potion            |     2 |     3 ||     5
       Scroll            |       |     8 ||     8
  Eat: Chunk             |     4 |     2 ||     6
       Ration            |       |     1 ||     1
Armor: Chain mail        |    96 |    83 ||   179
       Leather armour    |     1 |       ||     1
Dodge: Dodged            |    52 |    41 ||    93

Table legend:
 A = Spawn XP
 B = Non-spawn XP
 C = Spawn XP percentage of total XP
 D = Spawn monster count
 E = Non-spawn monster count
 F = Spawn count percentage of total count
 G = Total turns spent on level
                    A         B        C        D         E        F      G
               +---------+---------+-------+---------+---------+-------+---------
         Total |       0 |     410 |   0.0 |       0 |      48 |   0.0 |  3728
               +---------+---------+-------+---------+---------+-------+---------
           D:1 |       0 |      20 |   0.0 |       0 |       9 |   0.0 |  1408
           D:2 |       0 |     341 |   0.0 |       0 |      25 |   0.0 |  2203
           D:3 |       0 |      49 |   0.0 |       0 |      14 |   0.0 |   117
               +---------+---------+-------+---------+---------+-------+---------
